cohdb
Replays
Latest Replays
All Replays
Popular Replays
Top Player Replays
Match Explorer
How It Works
Community
CoH3 Stats
Reddit
Sign in to upload your games and track your stats! →
Sign in with Steam
Match 40573164
Unlisted
Match 40573164
Overview
Messages
Build Orders
End
Kettenkrad Recon Vehicle
Construct Infanterie Kompanie
MG 42 Machine Gun Team
Selects Terror Battlegroup
Selects Machine Gun Camouflage
MG 42 Machine Gun Team
Grenadier Squad
Construct Luftwaffe Kompanie
Jäger Squad
Support Elements
Wirbelwind Flakpanzer
Medical Bunker
Jäger Squad
Selects No Quarter
Construct Panzer Kompanie
Stoßtruppen Squad
GrW 34 Mortar Team
Panzer IV Medium Tank
Panzer IV Medium Tank
Saueee
엽하
Spectre
Pepuz
0
0
Comments
sign in to comment!
No comments posted yet!